 Dungeon Crawl Stone Soup version 0.29-a0-1047-g7c58e119a4 (webtiles) character file.

Game seed: 16580224173815593641

4409 Pooter the Nimble (level 10, -11/47 HPs)
             Began as a Felid Summoner on Aug 16, 2022.
             Was an Initiate of Gozag.
             Mangled by Harold
             ... wielding the +14 obsidian axe {vorpal, Mesm Drain Fly SInv}
              (13 damage)
             ... on level 1 of the Lair of Beasts on Aug 17, 2022.
             The game lasted 02:16:27 (13357 turns).

Pooter the Nimble (Felid Summoner)                 Turns: 13357, Time: 02:16:27

Health: -11/47     AC:  2    Str:  4    XL:     10   Next: 14%
Magic:  12/22      EV: 24    Int: 20    God:    Gozag
Gold:   708        SH:  0    Dex: 18    Spells: 7/24 levels left
                                        Lives:  0   Deaths: 3

rFire   . . .      SeeInvis +   (weapon unavailable)
rCold   . . .      Faith    .   (shield unavailable)
rNeg    . . .      Spirit   .   (body armour unavailable)
rPois   .          Reflect  .   (helmet unavailable)
rElec   .          Harm     .   (cloak unavailable)
rCorr   +          Rampage  .   (gloves unavailable)
Will    +....                   (boots unavailable)
Stlth   ++........              j - amulet of regeneration
HPRegen 0.95/turn               C - ring of resist corrosion
MPRegen 0.18/turn               (no ring)

@: marked, quick
A: very small, claws 1, fangs 3, see invisible, speed 1, shaggy fur 2, stealthy
paws, no weapons or thrown items, no armour, multi-lived
a: Renounce Religion, Potion Petition, Call Merchant, Bribe Branch


You were on level 1 of the Lair of Beasts.
You worshipped Gozag.
Gozag was pleased with you.
You visited 3 branches of the dungeon, and saw 12 of its levels.
You also visited: Ossuary.

You collected 900 gold pieces.
You paid 192 gold pieces to Gozag.

Inventory:

Missiles
 F - 3 throwing nets {!f}
Jewellery
 j - an amulet of regeneration (around neck)
   (You found it on level 2 of the Dungeon)
 r - an amulet of magic regeneration
   (You found it on level 3 of the Dungeon)
 C - a ring of resist corrosion (left paw)
   (You found it on level 8 of the Dungeon)
 E - an amulet of reflection
   (You found it on level 10 of the Dungeon)
Wands
 d - a wand of iceblast (6)
   (You found it on level 4 of the Dungeon)
 f - a wand of flame (24)
   (You found it on level 5 of the Dungeon)
 u - a wand of paralysis (5)
   (You found it on level 6 of the Dungeon)
 v - a wand of mindburst (16)
   (You found it on level 6 of the Dungeon)
Scrolls
 b - 2 scrolls of amnesia
 g - 2 scrolls of vulnerability {!r}
 k - a scroll of summoning
 n - 3 scrolls of poison {!r}
 q - 4 scrolls of fear
 t - a scroll of teleportation {@r4}
 x - 4 scrolls of immolation {!r}
 z - 7 scrolls of noise {!r}
 G - 3 scrolls of fog
Potions
 a - 2 potions of lignification {!q}
 c - a potion of berserk rage
 e - 3 potions of brilliance
 h - 3 potions of haste {@q3}
 l - 9 potions of attraction {unknown}
 m - 3 potions of resistance
 o - a potion of might
 p - 8 potions of flight
 s - a potion of cancellation {unknown}
 w - a potion of magic
 y - 8 potions of curing {@q1}
 A - 4 potions of heal wounds {@q2}
 B - 3 potions of invisibility
 H - 3 potions of mutation {!q}


   Skills:
 + Level 7.4 Fighting
 + Level 10.2 Dodging
 - Level 2.6 Stealth
 + Level 7.6 Spellcasting
 - Level 5.0 Hexes
 + Level 9.1 Summonings
 + Level 6.2 Air Magic


You had 7 spell levels left.
You knew the following spells:

 Your Spells              Type           Power      Damage    Failure   Level
a - Summon Small Mammal   Summ           100%       N/A       1%          1
b - Call Imp              Summ           44%        N/A       1%          2
c - Call Canine Familiar  Summ           44%        N/A       1%          3
d - Summon Guardian Gole  Hex/Summ       35%        N/A       1%          3
e - Airstrike             Air            16%        2d(3-19)  7%          4
z - Summon Lightning Spi  Summ/Air       38%        N/A       3%          4

Your spell library contained the following spells:

 Spells                   Type           Power      Damage    Failure   Level
 Dazzling Flash           Conj/Hex       34%        N/A       10%         3
 Gell's Gravitas          Tloc           7%         N/A       26%         3
 Lesser Beckoning         Tloc           7%         N/A       26%         3
 Teleport Other           Tloc           7%         N/A       26%         3
 Lightning Bolt           Conj/Air       10%        1d23      56%         5
 Dispel Undead            Necr           7%         3d8       65%         4
 Iskenderun's Mystic Bla  Conj/Tloc      7%         2d4       65%         4
 Death Channel            Necr           3%         N/A       100%        6
 Starburst                Conj/Fire      3%         6d3       100%        6
 Orb of Destruction       Conj           3%         9d5       100%        7
 Spellforged Servitor     Conj/Summ      12%        N/A       100%        7
 Corpse Rot               Necr/Pois/Air  Unusable   N/A       N/A         4

Dungeon Overview and Level Annotations

Branches:
Dungeon (10/15)            Temple (1/1) D:7            Lair (1/5) D:10
Ossuary (visited)
    Orc: D:9-12

Altars:
Ashenzari
Cheibriados
Dithmenos
Elyvilon
Fedhas
Gozag
Hepliaklqana
Kikubaaqudgha
Makhleb
Nemelex Xobeh
Okawaru
Qazlal
Ru
Sif Muna
Trog
Uskayaw
Vehumet
Wu Jian
Xom
Yredelemnul
Zin
The Shining One

Shops:
D:8 =   D:10 *

Annotations:
D:8 2 transporters
D:10 3 runed translucent doors, drpainis's ghost, novice SpEn
Lair:1 Harold


Innate Abilities, Weirdness & Mutations

You have sharp claws.
You have razor-sharp teeth.
You have supernaturally acute eyesight. (SInv)
You cover ground quickly. (Speed+)
You are covered in thick fur. (AC +2)
Your paws help you pounce on unaware monsters.
You are incapable of wielding weapons or throwing items.
You cannot wear armour.
You gain extra lives every three experience levels.


Message History

The hellwing barely misses you. The hellwing misses you.
Unknown command.
Harold points at you and mumbles some strange words.
You barely resist. The hellwing completely misses you.
The hellwing closely misses you. Harold casts a spell at you.
A sentinel's mark forms upon you.
The hellwing is distracted by your dazzling golden aura.
The hellwing gives a chilling moan.
An electric hum fills the air.
* * * LOW MAGIC WARNING * * *
Harold fires a harpoon shot at you. The harpoon shot misses you.
The harpoon shot hits the hellwing.
The hellwing is no longer distracted by gold.
The hellwing barely misses your lightning spire. x2
Your lightning spire shoots out a bolt of lightning at the hellwing!
The bolt of electricity misses the hellwing.
The hellwing is distracted by your dazzling golden aura.
Harold fires a harpoon shot at you. The harpoon shot misses you.
The hellwing gives a chilling moan.
Your lightning spire shoots out a bolt of lightning at the hellwing!
The bolt of electricity hits the hellwing!
The hellwing is no longer distracted by gold.
The hellwing hits your lightning spire. x2
Harold zaps a wand.
You suddenly lose the ability to move!
The hellwing barely misses your lightning spire.
The hellwing hits your lightning spire.
You can move again.
The hellwing hits your lightning spire! The hellwing hits your lightning spire.
Your lightning spire shoots out a bolt of lightning at the hellwing!
The bolt of electricity hits the hellwing but does no damage.
The hellwing hits your lightning spire.
The hellwing hits your lightning spire but does no damage.
Harold hits you with the +14 obsidian axe {vorpal, Mesm Drain Fly SInv}!!
Ouch! That really hurt!
* * * LOW HITPOINT WARNING * * *
* * * LOW HITPOINT WARNING * * *
Harold hits your lightning spire with the +14 obsidian axe {vorpal, Mesm Drain Fly SInv}!!
Your lightning spire is destroyed!
Your lightning spire disappears in a puff of smoke!
The hellwing gives a chilling moan.
Really read
x - 5 scrolls of immolation {!r}?
Really read the scroll of immolation?
As you read the scroll of immolation {!r}, it crumbles to dust.
The creatures around you are filled with an inner flame!
Harold hits you with the +14 obsidian axe {vorpal, Mesm Drain Fly SInv}!
You die...
Your body crumbles into a pile of gold.

........##...#####..##........P.#
..##.........##.###..............
.##.....#.#...#...###..#......#..
.......###..#.....#)#............
...#######.##.#......#......##...
....# #..##........#..#...#....
...## ####..##.#.#.......##......
..#.# #....###.§4..........#..##.
.#### #....§.○@@####.........###
..# #....○.☼### #.#.......###
.### #.....○§# #...#..........
...######...(.##......#.(...#...#
#..##.................##...##....
.....P....$....#.... #....(.....
##..P......?..)# ... #....##....
....####............ .......###..
##....#).#.......... .#...P #..


You could see Harold (inner flame) and a hellwing (summoned, inner flame).

Vanquished Creatures
  A catoblepas (Lair:1)
  Maurice (D:10)
  A komodo dragon (Lair:1)
  A hornet (D:7)
  Grinder (D:5)
  A yak (D:10)
  Eustachio (D:6)
  A water moccasin (D:7)
  Duvessa (D:5)
  A bullfrog (D:6)
  A scorpion (D:6)
  Dowan (D:5)
  A howler monkey (D:10)
  A jelly (D:5)
  An orc priest (D:7)
  Ijyb (D:5)
  A gnoll (D:8)
  An adder (D:6)
  A white imp (D:5)
  4 orcs
  A jackal (D:5)
24 creatures vanquished.

Vanquished Creatures (collateral kills)
  A cane toad (Lair:1)
  A troll (D:9)
  Prince Ribbit (D:5)
  7 yaks
  2 acid dragons (D:10)
  2 water moccasins (Lair:1)
  3 ice beasts
  An orc warrior (D:7)
  2 sky beasts
  A black bear (Lair:1)
  2 centaurs
  An ogre (D:5)
  A phantom (D:7)
  2 bullfrogs (D:8)
  2 necrophages (D:6)
  A scorpion (D:6)
  4 wights
  4 killer bees (D:9)
  5 howler monkeys
  2 hounds (D:5)
  3 jellies
  A gnoll bouda (D:4)
  3 human zombies (Ossuary)
  7 iguanas
  2 orc wizards
  3 mummies (Ossuary)
  10 gnolls
  5 adders
  An ufetubus (D:5)
  2 worms
  2 dart slugs (D:4)
  15 orcs
  7 ball pythons
  4 bats
  An endoplasm (D:1)
  5 giant cockroaches
  9 goblins
  6 hobgoblins
  3 jackals (D:1)
  A quokka (D:4)
  9 frilled lizards
  A goblin zombie (Ossuary)
  7 kobolds
  A kobold zombie (Ossuary)
  3 orc zombies (Ossuary)
  8 rats
164 creatures vanquished.

Vanquished Creatures (others)
  Maggie (D:6)
  A wyvern (D:10)
  3 yaks (D:10)
  A water moccasin (D:6)
  3 orc warriors
  An ogre (D:6)
  A centaur (D:9)
  Blork the orc (D:5)
  A gnoll sergeant (D:8)
  A wight (D:6)
  An iguana (D:5)
  A gnoll bouda (D:6)
  An orc wizard (D:7)
  3 gnolls (D:6)
  3 orcs
  A jackal (D:5)
  12 plants
36 creatures vanquished.

Grand Total: 224 creatures vanquished

Notes
Turn   | Place    | Note
-------+----------+-------------------------------------------
     0 | D:1      | Pooter the Felid Summoner began the quest for the Orb.
     0 | D:1      | Reached XP level 1. HP: 7/7 MP: 4/4
   215 | D:1      | Reached XP level 2. HP: 11/11 MP: 3/6
   218 | D:1      | Learned a level 2 spell: Call Imp
   257 | D:1      | Found a faded altar of an unknown god.
  1148 | D:2      | Reached XP level 3. HP: 14/14 MP: 2/8
  1152 | D:2      | Learned a level 3 spell: Call Canine Familiar
  1731 | D:2      | Found a radiant altar of Vehumet.
  2542 | D:3      | Reached XP level 4. HP: 18/18 MP: 9/9
  2574 | D:3      | Learned a level 3 spell: Summon Guardian Golem
  2751 | D:3      | Found a broken altar of Ashenzari.
  3480 | D:4      | Reached skill level 3 in Dodging
  3480 | D:4      | Reached skill level 1 in Hexes
  3480 | D:4      | Reached skill level 5 in Summonings
  3592 | D:4      | Reached XP level 5. HP: 21/21 MP: 3/11
  3734 | D:4      | Found a glowing golden altar of the Shining One.
  3762 | D:4      | Reached skill level 1 in Fighting
  4012 | D:4      | Found a hide-covered altar of Uskayaw.
  4042 | D:4      | Became a worshipper of the Shining One
  4395 | D:4      | Gained mutation: You are covered in thick fur. (AC +2)
                  | [Felid growth]
  4395 | D:4      | Reached XP level 6. HP: 26/26 MP: 4/12
  4725 | D:4      | Found a shadowy altar of Dithmenos.
  4881 | D:4      | Found a blossoming altar of Fedhas.
  4893 | D:5      | Entered Level 5 of the Dungeon
  4893 | D:5      | Noticed Blork the orc
  4905 | D:5      | Noticed Grinder
  4931 | D:5      | Killed Blork the orc
  4932 | D:5      | Reached skill level 4 in Dodging
  4938 | D:5      | Killed Grinder
  4939 | D:5      | Reached XP level 7. HP: 30/30 MP: 2/14
  5043 | D:5      | Learned a level 4 spell: Summon Lightning Spire
  5094 | D:5      | Noticed Prince Ribbit
  5127 | D:5      | Killed Prince Ribbit
  5128 | D:5      | Reached skill level 5 in Dodging
  5128 | D:5      | Reached skill level 1 in Air Magic
  5334 | D:5      | Reached skill level 5 in Hexes
  5334 | D:5      | Reached XP level 8. HP: 34/34 MP: 8/15
  5350 | D:5      | Noticed Duvessa
  5354 | D:5      | Noticed Dowan
  5364 | D:5      | Killed Duvessa
  5367 | D:5      | Killed Dowan
  5475 | D:5      | Upgraded the game from 0.29-a0-1043-g569b05d6ff to
                  | 0.29-a0-1047-g7c58e119a4
  5495 | D:5      | You fall into a shaft and drop 1 floor!
  5542 | D:6      | Reached skill level 6 in Dodging
  5550 | D:6      | Reached * piety under the Shining One
  5566 | D:6      | Reached skill level 5 in Spellcasting
  5786 | D:5      | Noticed Ijyb
  5789 | D:5      | Killed Ijyb
  6260 | D:6      | Noticed Maggie
  6278 | D:6      | Killed from afar by Maggie
  6279 | D:6      | Reached XP level 7. HP: -1/33 MP: 15/16
  6309 | D:6      | Killed Maggie
  6310 | D:6      | Reached skill level 7 in Dodging
  6310 | D:6      | Reached XP level 8. HP: 36/36 MP: 14/17
  6464 | D:6      | Paralysed by a wight for 4 turns
  7171 | D:6      | Noticed Eustachio
  7209 | D:6      | Killed Eustachio
  7210 | D:6      | Reached skill level 5 in Fighting
  7490 | D:7      | Identified the +8 trident "Uhukigue" {vorpal, Dex+2}
  7513 | D:7      | Noticed a hornet
  7531 | D:7      | Paralysed by a hornet for 3 turns
  7532 | D:7      | Mangled by a hornet
  7533 | D:7      | Reached XP level 7. HP: -6/33 MP: 13/16
  7751 | D:7      | Reached XP level 8. HP: 37/37 MP: 13/17
  7761 | D:7      | Killed a hornet
  7925 | D:7      | Reached skill level 8 in Dodging
  8210 | D:7      | Reached ** piety under the Shining One
  8364 | D:7      | Found a sparkling altar of Nemelex Xobeh.
  8454 | D:7      | Found a staircase to the Ecumenical Temple.
  8504 | Temple   | Entered the Ecumenical Temple
  8845 | D:8      | Found Geusitz's Jewellery Shop.
  8855 | D:8      | Reached XP level 9. HP: 41/41 MP: 15/19
  8893 | D:8      | Found a flagged portal.
  8946 | D:8      | Found a sand-covered staircase.
  8954 | Ossuary  | Entered an ossuary
  9403 | D:8      | Found a transporter.
  9405 | D:8      | Found a transporter.
  9405 | D:8      | Found a transporter.
 10172 | D:8      | Found a transporter.
 10282 | D:9      | Found a bloodstained altar of Trog.
 10334 | D:9      | Noticed a troll
 10360 | D:9      | Killed a troll
 10361 | D:9      | Reached skill level 5 in Air Magic
 10791 | D:9      | Found a snail-covered altar of Cheibriados.
 10971 | D:9      | Found an ornate altar of the Wu Jian Council.
 11020 | D:9      | Learned a level 4 spell: Airstrike
 11114 | D:9      | Reached *** piety under the Shining One
 11502 | D:10     | Entered Level 10 of the Dungeon
 11645 | D:10     | Reached skill level 9 in Dodging
 11880 | D:10     | Reached XP level 10. HP: 46/46 MP: 16/21
 11919 | D:10     | Found an opulent altar of Gozag.
 11922 | D:10     | Found Gozag's Platinum Reserve.
 11926 | D:10     | Fell from the grace of the Shining One
 11926 | D:10     | Became a worshipper of Gozag Ym Sagoz the Greedy
 12534 | D:10     | Noticed Maurice
 12549 | D:10     | Killed Maurice
 12621 | D:10     | Found a staircase to the Lair.
 12696 | D:10     | Found a runed translucent gate.
 12699 | D:10     | Found a runed translucent gate.
 12700 | D:10     | Found a runed translucent gate.
 12700 | D:10     | Identified the +8 chain mail "Omot" {rC- Str+2 Int+4}
 12701 | D:10     | Noticed drpainis's ghost (novice SpEn)
 12747 | D:10     | Found the +3 hat of Pondering {ponderous, Will+ MP+10
                  | Int+5}
 12844 | Lair:1   | Entered Level 1 of the Lair of Beasts
 12995 | Lair:1   | Noticed a catoblepas
 13042 | Lair:1   | Demolished by a catoblepas
 13043 | Lair:1   | Reached XP level 9. HP: -14/43 MP: 17/21
 13043 | Lair:1   | Killed a catoblepas
 13044 | Lair:1   | Reached skill level 10 in Dodging
 13109 | Lair:1   | Reached XP level 10. HP: 42/47 MP: 9/22
 13322 | Lair:1   | Noticed a cane toad
 13326 | Lair:1   | Noticed Harold
 13334 | Lair:1   | Killed a cane toad
 13353 | Lair:1   | Paralysed by Harold for 2 turns
 13356 | Lair:1   | HP: 1/47 [Harold/the +14 obsidian axe {vorpal, Mesm Drain
                  | Fly SInv} (5)]
 13357 | Lair:1   | Mangled by Harold

Illustrated notes

Levels and vault maps discovered:
D:1:      dpeg_arrival_round_c, layout_basic,
          hellmonk_ecumenical_altar_arch_garden, minmay_misc_feat_diagonals
D:2:      layout_basic, basic_altar, mrwooster_statue_mirror,
          minmay_tetromino_s4
D:3:      layout_basic, old_standard_altar, minmay_lizard_king
D:4:      layout_gridville, jmf_multi_god_temple, mainiacjoe_overflow_catwalk,
          kennysheep_mini
D:5:      layout_cave_pools, uniq_duvessa, uniq_prince_ribbit1,
          uniq_blork_the_orc, uniq_ijyb, uniq_grinder
D:6:      layout_basic, minmay_joined_circles, uniq_maggie, uniq_eustachio
D:7:      layout_basic, kennysheep_mini_moat, minmay_temple_entry_crystal_x
D:8:      layout_loops_corners, enter_bailey_3, serial_shops, shop,
          nicolae_ossuary_entry_ruins, nrook_campfire,
          hangedman_abyss_or_decor_stabs, nicolae_diode_intersection
D:9:      layout_stronghold, trog_three_pillars_becter,
          nicolae_overflow_crystal_walls, overflow_temple_1_default
D:10:     layout_basic, nicolae_gozag_zags_fifth_avenue, lair_entry_dummy,
          biasface_ghost_orc_armoury, nrook_pool_corridor, uniq_maurice
Temple:   nicolae_temple_x_marks_the_god
Lair:1:   layout_misc_corridors, st_stairs_12, dreamdust_deal_with_the_devil,
          lemuel_fruit_tree, lemuel_fruit_fields, uniq_harold

Skill      XL: |  1  2  3  4  5  6  7  8  9 10 |
---------------+-------------------------------+-----
Spellcasting   | 3 4 6 7 |  7.6
Dodging        | 3 4 7 8 10 | 10.2
Hexes          | 1 2 4 5 |  5.0
Summonings     | 5 7 9 |  9.1
Fighting       | 1 2 3 5 6 7 |  7.4
Air Magic      | 4 3 6 |  6.2
Stealth        | |  2.6

Action                   |  1- 3 |  4- 6 |  7- 9 | 10-12 || total
-------------------------+-------+-------+-------+-------++-------
Melee: Unarmed           |     2 |     4 |    34 |     3 ||    43
       Punch             |       |     1 |     2 |     1 ||     4
       Bite              |       |       |     8 |       ||     8
 Cast: Summon Small Mamm |    13 |     7 |    10 |       ||    30
       Call Imp          |     7 |     6 |       |     1 ||    14
       Call Canine Famil |    12 |    25 |    90 |     9 ||   136
       Summon Guardian G |       |     2 |    23 |     5 ||    30
       Summon Lightning  |       |       |    23 |     7 ||    30
Evoke: Wand              |       |     4 |    26 |     9 ||    39
  Use: Scroll            |     3 |     7 |    16 |     3 ||    29
       Potion            |       |       |     1 |     1 ||     2
 Stab: Betrayed ally     |       |       |       |     1 ||     1
Armor: Skin              |     1 |       |     8 |       ||     9
Dodge: Dodged            |     7 |    17 |   158 |    11 ||   193

Table legend: (Time is in decaauts)
 A = Elapsed time spent in this place.
 B = Non-inter-level travel time spent in this place.
 C = Inter-level travel time spent in this place.
 D = Time resting spent in this place.
 E = Time spent auto-exploring this place.
 F = Levels seen in this place.
 G = Mean time per level.
                   A        B        C        D        E       F      G
               +--------+--------+--------+--------+--------+-----+--------+
         Total |  11786 |  11406 |    380 |   1704 |   6577 |  13 |  906.6 |
       Dungeon |  10897 |  10524 |    373 |   1524 |   6352 |  10 | 1089.7 |
        Temple |     47 |     42 |      5 |      0 |     36 |   1 |   47.0 |
          Lair |    441 |    441 |      0 |      0 |    187 |   1 |  441.0 |
       Ossuary |    400 |    400 |      0 |    180 |      0 |   1 |  400.0 |
               +--------+--------+--------+--------+--------+-----+--------+

Top non-repeatable levels by time:
     D:6: 1539 daAuts
     D:4: 1371 daAuts
    D:10: 1150 daAuts
     D:9: 1129 daAuts
     D:2: 1091 daAuts
     D:7: 1067 daAuts
     D:1: 944 daAuts
     D:3: 920 daAuts
     D:8: 869 daAuts
     D:5: 814 daAuts
  Lair:1: 441 daAuts
 Ossuary: 400 daAuts
  Temple: 47 daAuts
